 Dungeon Crawl Stone Soup version 0.19-a0-1697-g0595f0e (webtiles) character file.

34520 kae the Fencer (level 14, -9/109 HPs)
             Began as a Formicid Fighter on Sept 26, 2016.
             Was a High Priest of Makhleb.
             Mangled by Kirke (16 damage)
             ... on level 6 of the Lair of Beasts.
             The game lasted 00:27:09 (18495 turns).

kae the Fencer (Formicid Fighter)                  Turns: 18495, Time: 00:27:09

Health: -9/109     AC:  1    Str: 26    XL:     14   Next: 13%
Magic:  22/22      EV: 13    Int:  8    God:    Makhleb [*****.]
Gold:   655        SH:  0    Dex: 10    Spells: 0 memorised, 13 levels left

rFire  . . .     SeeInvis .     (weapon currently unavailable)
rCold  . . .     Gourm    .     (armour currently unavailable)
rNeg   . . .     Faith    .     (shield currently unavailable)
rPois  .         Spirit   .     (helmet unavailable)
rElec  .         Dismiss  .     (cloak currently unavailable)
rCorr  .         Reflect  .     (gloves currently unavailable)
MR     +....     Harm     .     (boots currently unavailable)
Stlth  +.........               (no amulet)
                                (ring currently unavailable)
                                (ring currently unavailable)

@: pig-form, very quick
A: permanent stasis, dig shafts and tunnels, four strong arms, (antennae 0)
a: Minor Destruction, Lesser Servant of Makhleb, Major Destruction, Greater
Servant of Makhleb, Renounce Religion


You were on level 6 of the Lair of Beasts.
You worshipped Makhleb.
Makhleb was extremely pleased with you.
You were hungry.
You were a filthy swine.
You visited 3 branches of the dungeon, and saw 17 of its levels.

You collected 1053 gold pieces.
You spent 398 gold pieces at shops.

Inventory:

Hand Weapons
 a - a +0 long sword
 d - a +5 scimitar of flaming (melded)
Armour
 b - a +1 scale mail (melded)
 c - a +0 shield (melded)
 i - a +2 pair of boots of running (melded)
 n - a +0 cloak (melded)
 D - a +2 pair of boots of flying
Jewellery
 k - an uncursed ring of wizardry
 l - a ring of protection from fire (melded)
 G - a cursed ring of ice (melded)
 N - a cursed amulet of inaccuracy {unknown}
 O - an uncursed amulet of harm
Wands
 e - a wand of polymorph (12/24)
 s - a wand of iceblast (1/15)
 t - a wand of lightning (1/15)
 v - a wand of digging (15/24)
 y - a wand of acid (11/15)
 F - a wand of iceblast (2/15)
 I - a wand of iceblast (6/15)
 J - a wand of digging (18/24)
Scrolls
 r - 6 scrolls of fog
 w - 2 scrolls of recharging
 x - 5 scrolls of remove curse
 z - a scroll of amnesia
 L - 2 scrolls of magic mapping
Potions
 h - 4 potions of agility
 j - 4 potions of cure mutation {unknown}
 o - a potion of ambrosia {unknown}
 p - 3 potions of haste {unknown}
 q - 2 potions of brilliance
 u - 3 potions of curing
 A - a potion of cancellation {unknown}
 C - 4 potions of berserk rage {unknown}
 H - a potion of might
Books
 B - a book of the Sky

   Spells                             Type                      Level
   a - Summon Lightning Spire         Summoning/Air                4
   b - Airstrike                      Air                          4
   c - Silence                        Hexes/Air                    5
   d - Deflect Missiles               Charms/Air                   6
   e - Conjure Ball Lightning         Conjuration/Air              6
   f - Tornado                        Air                          9
 K - a book of the Dragon

   Spells                             Type                      Level
   a - Flame Tongue                   Conjuration/Fire             1
   b - Cause Fear                     Hexes                        4
   c - Bolt of Fire                   Conjuration/Fire             6
   d - Dragon Form                    Transmutation                7
   e - Dragon's Call                  Summoning                    9
Comestibles
 f - 7 bread rations
 g - 8 meat rations
 E - 7 beef jerkies
 M - 8 fruits


   Skills:
 + Level 9.6 Fighting
 - Level 15.0 Long Blades
 + Level 10.0 Armour
 + Level 10.6 Shields
 - Level 11.5 Invocations


You had 13 spell levels left.
You didn't know any spells.

Dungeon Overview and Level Annotations

Branches:
Dungeon (10/15)            Temple (1/1) D:6            Lair (5/6) D:10
  Swamp (0/4) Lair:4       Spider (0/4) Lair:2          Orc (0/2) D:9
  Slime: Lair:5-6

Altars:
Ashenzari
Dithmenos
Elyvilon
Gozag
Kikubaaqudgha
Makhleb
Nemelex Xobeh
Trog
Vehumet
Yredelemnul
Jiyva

Shops:
D:6 [*[[   D:7 *

Annotations:
Lair:5 Nessos
Lair:6 1 runed door, Kirke


Innate Abilities, Weirdness & Mutations

You are under a permanent stasis effect.
You can dig through walls and to a lower floor.
Your four strong arms can wield two-handed weapons with a shield.
((You have a pair of large antennae on your head. (SInv)))


Message History

You closely miss the hog. The hog bites you! Something hits you!
Deactivating autopickup; reactivate with Ctrl-A.
You closely miss the hog. The hog bites you! Something barely misses you.
You barely miss the hog. The hog bites you. Something hits you.
The hog bites you!
You hit the hog.
The hog is lightly wounded.
The hog bites you! Something hits you!
* * * LOW HITPOINT WARNING * * *
Unknown command.
You hit something. The hog bites you!
* * * LOW HITPOINT WARNING * * *
You hear some strange, mumbled words.
You feel a momentary urge to oink.
Okay, then.
Okay, then.
You feel better. The hog bites you!
* * * LOW HITPOINT WARNING * * *
Something hits you!
You die...

. ... ##.. #...######
...#.#hhh# #.....## .#
#.#.#.## ..# { ####..P#
#..# .##
##.####..##....
...##+###.##.#...#.....
............h..........
.............{.........
...........h...........


You could see 2 hogs.

Vanquished Creatures
  Josephine (D:10)
  4 hydras
  An anaconda (Lair:4)
  Erica (D:10)
  8 death yaks
  The ghost of removeelyvilon the Caller, a novice HuSu of the Shining One (D:9)
  Pikel (D:8)
  2 oklob plants (D:10)
  A centaur zombie (D:10)
  A torpor snail (Lair:5)
  A spiny frog (Lair:4)
  7 black mambas
  2 rime drakes
  3 komodo dragons
  3 polar bears (Lair:1)
  A troll (D:9)
  Grinder (D:3)
  8 blink frogs
  8 hippogriffs
  2 hill giant zombies (D:9)
  A redback (Lair:2)
  28 yaks
  5 wraiths (D:10)
  A wyvern (D:10)
  5 hogs (Lair:6)
  2 basilisks
  A hungry ghost (D:8)
  13 water moccasins
  A black bear (D:10)
  3 ice beasts
  2 orc warriors
  2 porcupines
  3 sky beasts
  4 slaves
  5 phantoms
  A necrophage (D:7)
  10 wolves
  6 ogres
  6 crocodiles
  10 bullfrogs
  A water moccasin skeleton (D:9)
  5 scorpions
  2 troll zombies (D:9)
  5 wights (D:9)
  2 electric eels
  4 howler monkeys
  3 vampire bats (Lair:2)
  4 crimson imps
  A bullfrog zombie (D:6)
  A quasit (D:8)
  3 hounds
  3 orc priests
  2 centaur skeletons
  A jelly (D:6)
  3 bullfrog skeletons
  12 iguanas
  7 orc wizards
  5 worker ants
  A killer bee zombie (D:5)
  4 ogre zombies (D:9)
  A hound zombie (D:10)
  A hound skeleton (D:10)
  2 howler monkey zombies
  6 adders
  33 river rats
  2 shadow imps
  An adder skeleton (D:5)
  2 worms
  2 dart slugs (D:2)
  7 leopard geckos
  18 orcs
  4 giant cockroaches
  4 goblins
  4 hobgoblins
  20 jackals
  7 quokkas
  A ball python (D:1)
  10 bats
  4 frilled lizards
  3 goblin skeletons (D:9)
  2 goblin zombies (D:9)
  2 hobgoblin skeletons (D:9)
  6 hobgoblin zombies (D:9)
  7 kobolds
  2 orc skeletons (D:9)
  10 orc zombies (D:9)
  5 rats
401 creatures vanquished.

Vanquished Creatures (collateral kills)
  A death yak (Lair:2)
  A black mamba (Lair:4)
  2 water moccasins (Lair:4)
4 creatures vanquished.

Vanquished Creatures (others)
  7 fungi
  18 plants
25 creatures vanquished.

Grand Total: 430 creatures vanquished

Notes
Turn   | Place    | Note
-------+----------+-------------------------------------------
     0 | D:1      | kae the Formicid Fighter began the quest for the Orb.
     0 | D:1      | Reached XP level 1. HP: 18/18 MP: 1/1
   155 | D:1      | Reached XP level 2. HP: 20/24 MP: 2/2
   312 | D:1      | Reached skill level 3 in Long Blades
   523 | D:2      | Reached XP level 3. HP: 29/29 MP: 3/3
   738 | D:2      | Reached skill level 4 in Long Blades
   738 | D:2      | Reached XP level 4. HP: 18/35 MP: 4/4
   741 | D:2      | Found a faded altar of an unknown god.
  1188 | D:3      | Noticed Grinder
  1223 | D:3      | Killed Grinder
  1223 | D:3      | Reached skill level 6 in Long Blades
  1223 | D:3      | Reached XP level 5. HP: 4/41 MP: 5/5
  1223 | D:3      | Reached XP level 6. HP: 5/47 MP: 6/6
  2401 | D:4      | Reached XP level 7. HP: 47/52 MP: 7/7
  2613 | D:4      | Reached skill level 7 in Long Blades
  3144 | D:5      | Entered Level 5 of the Dungeon
  3500 | D:5      | Reached skill level 8 in Long Blades
  3722 | D:5      | Reached XP level 8. HP: 33/58 MP: 8/8
  4008 | D:6      | Reached skill level 9 in Long Blades
  4071 | D:6      | Found Tegi's Assorted Antiques.
  4142 | D:6      | Bought a fuming golden potion for 26 gold pieces
  4142 | D:6      | Bought 2 cyan potions for 52 gold pieces
  4142 | D:6      | Bought a brown potion for 26 gold pieces
  4142 | D:6      | Bought a brown potion for 26 gold pieces
  4142 | D:6      | Bought 2 silvery potions for 52 gold pieces
  4142 | D:6      | Bought a puce potion for 26 gold pieces
  4142 | D:6      | Bought a scroll labeled VAOCVUYL ZYVEAB for 29 gold pieces
  4182 | D:6      | Found an ancient bone altar of Kikubaaqudgha.
  4186 | D:6      | Found Joun's Antique Armour Shoppe.
  4195 | D:6      | Found Daecifyxt's Antique Armour Shop.
  4677 | D:6      | Found Pemoable's Armour Shoppe.
  4747 | D:6      | Reached skill level 10 in Long Blades
  4869 | D:6      | Found a staircase to the Ecumenical Temple.
  4950 | Temple   | Entered the Ecumenical Temple
  4965 | Temple   | Became a worshipper of Makhleb the Destroyer
  5135 | D:6      | Reached XP level 9. HP: 64/64 MP: 9/9
  5276 | D:7      | Reached skill level 11 in Long Blades
  6169 | D:7      | Found Jerchoim's General Store.
  6325 | D:6      | Bought a +0 pair of boots of flying for 161 gold pieces
  6345 | D:6      | HP: 1/64 [ogre/giant spiked club (12)]
  6480 | D:6      | Reached skill level 12 in Long Blades
  6645 | D:8      | Reached * piety under Makhleb
  7363 | D:8      | Noticed Pikel
  7407 | D:8      | Killed Pikel
  7407 | D:8      | Reached skill level 13 in Long Blades
  7407 | D:8      | Reached XP level 10. HP: 59/70 MP: 10/10
  7650 | D:9      | Found a staircase to the Orcish Mines.
  7976 | D:9      | Noticed removeelyvilon's ghost (novice HuSu)
  8697 | D:9      | Killed removeelyvilon's ghost
  8697 | D:9      | Reached skill level 14 in Long Blades
  9545 | D:9      | Reached ** piety under Makhleb
  9966 | D:9      | Reached XP level 11. HP: 65/75 MP: 11/11
 10085 | D:9      | Reached skill level 15 in Long Blades
 10188 | D:9      | Reached skill level 1 in Invocations
 10244 | D:9      | Reached skill level 5 in Invocations
 10896 | D:10     | Entered Level 10 of the Dungeon
 10896 | D:10     | Noticed Josephine
 11220 | D:10     | Noticed Erica
 11233 | D:10     | Killed Erica
 11573 | D:10     | Reached *** piety under Makhleb
 11664 | D:10     | Found a staircase to the Lair.
 11664 | D:10     | Noticed an oklob plant
 11664 | D:10     | Noticed an oklob plant
 11829 | D:10     | Killed Josephine
 11841 | D:10     | Reached skill level 10 in Invocations
 12216 | D:10     | Reached XP level 12. HP: 81/81 MP: 20/20
 12771 | Lair:1   | Entered Level 1 of the Lair of Beasts
 13851 | Lair:2   | Reached **** piety under Makhleb
 13851 | Lair:2   | Reached skill level 5 in Shields
 13902 | Lair:2   | Reached skill level 5 in Armour
 14176 | Lair:2   | Reached skill level 5 in Fighting
 14484 | Lair:2   | Found a hole to the Spider Nest.
 14495 | Lair:2   | Noticed a death yak
 14496 | Lair:2   | Noticed a death yak
 14497 | Lair:2   | Noticed a death yak
 14528 | Lair:1   | Killed a death yak
 14633 | Lair:2   | Killed a death yak
 14702 | Lair:2   | Noticed a death yak
 14719 | Lair:2   | Killed a death yak
 14722 | Lair:2   | Noticed a death yak
 14736 | Lair:1   | Killed a death yak
 14757 | Lair:2   | Killed a death yak
 15168 | Lair:2   | Noticed a five-headed hydra
 15176 | Lair:2   | Killed a two-headed hydra
 15280 | Lair:3   | Reached XP level 13. HP: 86/94 MP: 21/21
 15471 | Lair:3   | Noticed a six-headed hydra
 15479 | Lair:3   | Killed a one-headed hydra
 16256 | Lair:4   | Found a staircase to the Swamp.
 16494 | Lair:4   | Noticed an eight-headed hydra
 16501 | Lair:4   | Killed a five-headed hydra
 16525 | Lair:4   | Reached ***** piety under Makhleb
 16533 | Lair:4   | Noticed an anaconda
 16543 | Lair:4   | Killed an anaconda
 16596 | Lair:4   | Noticed a six-headed hydra
 16604 | Lair:4   | Killed a one-headed hydra
 17285 | Lair:4   | Reached skill level 10 in Shields
 17702 | Lair:5   | Noticed Nessos
 17757 | Lair:5   | Identified a scroll of acquirement
 17769 | Lair:5   | Identified a +2 pair of boots of running (You acquired it on level 5 of the Lair of Beasts)
 18184 | Lair:4   | Reached XP level 14. HP: 106/108 MP: 22/22
 18440 | Lair:5   | You fall through a shaft!
 18440 | Lair:6   | Entered Level 6 of the Lair of Beasts
 18441 | Lair:6   | Found a runed door.
 18444 | Lair:6   | Found a viscous altar of Jiyva.
 18458 | Lair:6   | Noticed Kirke
 18469 | Lair:6   | Reached skill level 10 in Armour
 18494 | Lair:6   | HP: 3/109 [hog[Kirke] (13)]
 18495 | Lair:6   | Mangled by Kirke

Vault maps used:
D:1:      dpeg_arrival_tiny_g
D:2:      ecumenical_altar_1
D:3:      uniq_grinder
D:4:      minmay_misc_feat_roman
D:5:      first_bread
D:6:      basic_altar, serial_shops, kennysheep_mini_moat,
          nicolae_shop_temple_entry_statues_fountains, shop,
          nicolae_shop_waterfront, serial_bayou, serial_bayou_pond_e,
          grunt_ministairs_6, kennysheep_generic_room_14
D:7:      serial_shops, shop
D:8:      uniq_pikel
D:9:      zombieorc2_lemuel
D:10:     dpeg_oklobed_lair, grunt_ogre_cave, uniq_erica, uniq_josephine
Temple:   nicolae_temple_the_god_donut
Lair:1:   gammafunk_lair_bear_cave
Lair:2:   spider_nest_entry_webs, roderic_batcave, grunt_megastairs_5,
          lemuel_fruit_tree
Lair:4:   beast_lair_carwin_large_3, swamp_mist
Lair:5:   infiniplex_staircase_pool, uniq_nessos
Lair:6:   wormcave, hangedman_lair_caniforms_friends, slime_altar_2,
          grunt_megastairs_2, uniq_kirke

Skill      XL: |  1  2  3  4  5  6  7  8  9 10 11 12 13 14 |
---------------+-------------------------------------------+-----
Long Blades    | 3 4 6 8 10 13 14 15 | 15.0
Invocations    | 10 11 | 11.5
Shields        | 7 10 | 10.6
Armour         | 6 9 10 | 10.0
Fighting       | 6 9 |  9.6

Action                   |  1- 3 |  4- 6 |  7- 9 | 10-12 | 13-15 || total
-------------------------+-------+-------+-------+-------+-------++-------
Melee: Long sword        |   119 |   123 |   524 |   669 |       ||  1435
       Scimitar          |       |       |       |   382 |   387 ||   769
       Unarmed           |       |       |       |       |     5 ||     5
Invok: Lesser Servant of |       |       |       |     3 |     1 ||     4
 Abil: Dig               |       |       |       |     2 |     2 ||     4
       Shaft Self        |       |       |       |       |     1 ||     1
Evoke: Wand              |       |       |       |     6 |       ||     6
  Use: Potion            |       |     1 |     3 |     5 |     1 ||    10
       Scroll            |       |       |    12 |     3 |     8 ||    23
 Stab: Distracted        |       |       |       |     3 |     1 ||     4
  Eat: Chunk             |       |     1 |    15 |    17 |     7 ||    40
       Meat ration       |       |     1 |       |     1 |       ||     2
       Fruit             |       |       |       |     4 |     1 ||     5
       Bread ration      |       |       |       |     1 |     1 ||     2
Armor: Scale mail        |    64 |    47 |   144 |   197 |    91 ||   543
       Skin              |       |       |     2 |     6 |       ||     8
Dodge: Dodged            |    46 |    27 |    99 |   186 |    85 ||   443
Block: Shield            |    59 |    52 |   193 |   309 |   174 ||   787
